Cogmind - Beta 14 @@@ ROGUE MODE // 2024.08.21 @ 16:37:17 Player: ILikeVoltron Result: Self-destructed Performance ------------- Evolutions (7) 3500 Regions Visited (11) 2200 Robots Destroyed (129) 645 Value Destroyed (4145) 4145 Prototype IDs (7) 140 Alien Tech Used (0) 0 Bonus (1856) 1856 TOTAL SCORE: 12486 Bonus ------- High Alert Combat Kills 345 Follower Combat Kills 1578 Friendly Fire -67 Cogmind --------- Core Integrity 1149/1300 Matter 18/500 Energy 22/100 System Corruption 0% Temperature Cool (0) Movement Treading (160) Location -3/Research Parts ------- > --- POWER (3) -------- (None) > --- PROPULSION (5) --- Improved Heavy Treads Light Armored Exoskeleton Improved Antigrav System > --- UTILITY (9) ------ Large Storage Unit High-capacity Matter Pod Machine Analyzer Advanced Signal Interpreter Advanced Targeting Computer Advanced Transmission Jammer Improved Power Shielding Graphene Brace > --- WEAPON (4) ------- Heavy Laser Precision Rocket Launcher Segregator > --- INVENTORY (15) --- Flexi-carbon Leg Flexi-carbon Leg Advanced Coolant Injector Energy Well (350) Enhanced Optical Array Advanced Sensor Array Core Analyzer Transmission Jammer Improved Power Shielding Propulsion Shielding Hardened Medium Armor Plating Improved Medium Armor Plating Improved Trap Extractor (0/6) Plasma Rifle Peak State ------------ > --- POWER ------------ Reinforced Fission Core Antimatter Reactor > --- PROPULSION ------- Light Armored Exoskeleton Light Armored Exoskeleton > --- UTILITY ---------- Large Storage Unit Machine Analyzer Advanced Sensor Array Advanced Signal Interpreter Terrain Scan Processor Recoil Nullifier Transmission Jammer Improved Light Armor Plating Improved Thermal Defense Suite > --- WEAPON ----------- Tesla Rifle Coil Gun Mass Driver Powered Hammer > --- INVENTORY -------- Micro Fission Core Light Armored Exoskeleton Energy Well High-capacity Matter Pod High-capacity Matter Pod Advanced Targeting Computer Hardened Medium Armor Plating Improved Medium Armor Plating Improved Trap Extractor Slug Cannon Antimatter Cannon Mass Driver Missile Launcher Precision Rocket Launcher [Rating: 92] Favorites ----------- Power Light Fission Core Engine Improved Ion Engine Power Core Light Fission Core Reactor Antimatter Reactor Propulsion Light Armored Exoskeleton Treads Light Treads Leg Light Armored Exoskeleton Wheel Armored Wheel Hover Unit Improved Antigrav System Utility Large Storage Unit Device Transmission Jammer Storage Large Storage Unit Processor Terrain Scan Processor Protection Core Shielding Weapon Antimatter Cannon Energy Gun Tesla Rifle Ballistic Gun Improved Assault Rifle Ballistic Cannon Antimatter Cannon Launcher Advanced EMP Blaster Special Weapon Mining Laser Impact Weapon Powered Hammer Slashing Weapon Segregator Build | -11 -10 -9 -9 -8 -7 -6 -6 -6 -5 -4 -3 ------- Run | Yrd Mat Mat Min Mat Fac Fac Was Fac Fac Fac Res Slots Evolved 14 | . . 2 . 2 2 2 . . 2 2 2 Power 2 | . . . . . . 1 . . . . 1 Propulsion 3 | . . 1 . 1 . . . . . . 1 Utility 7 | . . 1 . 1 1 1 . . 1 2 . Weapon 2 | . . . . . 1 . . . 1 . . Parts Attached 151 | 1 8 31 5 28 15 15 5 1 16 21 5 Power 16 | . 1 3 . 2 . 3 2 . 2 3 . Engine 7 | . 1 3 . 2 . 1 . . . . . Core 4 | . . . . . . 2 . . 1 1 . Reactor 5 | . . . . . . . 2 . 1 2 . Propulsion 24 | . . 11 . 5 5 . . . . 2 1 Treads 5 | . . 2 . 1 1 . . . . 1 . Leg 16 | . . 8 . 3 4 . . . . 1 . Wheel 2 | . . 1 . 1 . . . . . . . Hover 1 | . . . . . . . . . . . 1 Flight . | . . . . . . . . . . . . Utility 59 | 1 5 10 4 13 3 5 1 . 8 6 3 Device 36 | 1 4 5 3 9 2 3 . . 6 1 2 Storage 8 | . 1 2 . . . 1 . . 1 3 . Processor 5 | . . 1 . 2 . . . . 1 1 . Hackware . | . . . . . . . . . . . . Protection 10 | . . 2 1 2 1 1 1 . . 1 1 Artifact . | . . . . . . . . . . . . Weapon 52 | . 2 7 1 8 7 7 2 1 6 10 1 Energy Gun 7 | . . 2 . 1 1 . . . 2 1 . Energy Cannon . | . . . . . . . . . . . . Ballistic Gun 18 | . 1 4 1 3 4 1 1 1 2 . . Ballistic Cannon 12 | . . . . . . 4 1 . 1 6 . Launcher 6 | . . . . 1 1 1 . . . 2 1 Special Weapon 2 | . 1 1 . . . . . . . . . Impact Weapon 6 | . . . . 3 1 1 . . 1 . . Slashing Weapon 1 | . . . . . . . . . . 1 . Piercing Weapon . | . . . . . . . . . . . . Special Melee Weapon . | . . . . . . . . . . . . Unidentified Prototypes 7 | . . 1 1 1 1 2 . . 1 . . Parts Lost 30 | . . 7 . 1 4 3 . . . 12 3 Power 7 | . . 2 . . . 2 . . . 2 1 Propulsion 5 | . . 1 . 1 1 . . . . 2 . Utility 9 | . . 4 . . 1 1 . . . 2 1 Weapon 9 | . . . . . 2 . . . . 6 1 Highest Loss Streak 8 | . . 3 . 1 3 3 . . . 8 2 To Critical Strikes . | . . . . . . . . . . . . Average Slot Usage (%) 89 | . 100 98 100 98 93 82 83 86 87 79 74 Engine 3 | . 14 11 11 9 7 1 . . . . . Core 3 | . . . . . . 7 10 6 5 2 . Reactor 2 | . . . . . . . 1 6 4 3 3 Treads 3 | . . 3 22 11 5 . . . . 2 4 Leg 13 | . 28 27 . 19 12 13 13 13 11 7 4 Wheel 1 | . . . 11 4 5 . . . . . . Device 12 | . 14 12 5 11 13 12 14 13 12 15 8 Storage 8 | . 14 12 11 9 7 7 6 6 8 9 10 Processor 13 | . . 4 11 14 15 13 13 13 16 17 19 Protection 2 | . . 3 5 1 1 5 4 6 . 2 2 Energy Gun 3 | . 14 5 . 5 . . . . 3 3 4 Ballistic Gun 7 | . 13 15 22 8 15 4 4 6 4 2 . Ballistic Cannon 6 | . . . . . . 15 13 13 8 5 1 Impact Weapon 1 | . . . . 1 1 . . . 3 2 . Peak Build Rating 92 | 8 9 19 26 39 45 63 63 61 83 92 89 Average Rating 52 | 7 8 13 20 31 38 55 58 60 78 79 85 On Entrance 40 | 6 8 8 19 21 33 43 63 60 61 82 78 Naked Turns . | . . . . . . . . . . . . Heaviest Build 99 | 12 17 38 38 42 44 65 74 77 99 91 67 Greatest Support 75 | 20 20 40 40 43 60 60 60 60 60 75 75 Greatest Overweight (x) 4 | . . 3 3 3 3 1 1 1 1 2 4 Average Overweight (x) . | . . . 1 1 1 . . 1 1 . . Largest Inventory Capacity 15 | 8 10 15 15 15 15 15 15 15 15 15 15 Average Capacity 14 | 8 9 13 15 15 15 15 15 15 15 15 15 Most Carried 15 | 8 10 15 15 15 15 15 15 15 15 15 15 Average Carried 13 | 7 8 12 14 14 13 14 14 15 14 11 13 Final Capacity 15 | 8 10 15 15 15 15 15 15 15 15 15 15 Final Carried 15 | 8 10 15 15 15 15 15 15 15 15 12 14 Class Distribution -------------------- 27% | Tank 16% | Scavenger-Mutant 14% | Gunner 13% | Skirmisher 13% | Mutant 8% | Assassin 4% | Scavenger-Skirmisher Dominant Class ---------------- Mutant | -10/Materials Scavenger-Mutant | -9/Materials Scavenger-Mutant | -9/Mines Scavenger-Mutant | -8/Materials Skirmisher | -7/Factory Tank | -6/Factory Gunner | -6/Waste Gunner | -6/Factory Tank | -5/Factory Assassin | -4/Factory Mutant | -3/Research Resources | -11 -10 -9 -9 -8 -7 -6 -6 -6 -5 -4 -3 ----------- Run | Yrd Mat Mat Min Mat Fac Fac Was Fac Fac Fac Res Matter Collected 4205 | 312 326 621 147 709 189 699 407 68 243 484 . Remotely 340 | 103 165 72 . . . . . . . . . Salvage Created 4841 | 231 238 768 194 1527 409 379 230 13 104 367 381 Parts 257 | 20 12 51 26 85 15 15 . . 5 13 15 Haulers Intercepted 6 | . . 1 . 4 . 1 . . . . . Recyclers Shooed 5 | . 2 1 . 1 . . . . . . 1 Parts Field Recycled . | . . . . . . . . . . . . Retrieved Matter . | . . . . . . . . . . . . Parts Self-Destructed . | . . . . . . . . . . . . Prevented . | . . . . . . . . . . . . Kills | -11 -10 -9 -9 -8 -7 -6 -6 -6 -5 -4 -3 ------- Run | Yrd Mat Mat Min Mat Fac Fac Was Fac Fac Fac Res Combat Hostiles Destroyed 82 | . 4 16 6 22 8 9 1 . 1 10 5 Guns 46 | . 4 16 6 16 2 . . . 1 . 1 Cannons 16 | . . . . . . 7 1 . . 8 . AOE 20 | . . . . 6 6 2 . . . 2 4 Classes Destroyed 18 | 3 1 4 . 4 1 3 1 . . 1 . Worker 13 | 2 2 1 . 7 . . . 1 . . . Builder 6 | . . . . 3 . 1 . . 1 1 . Tunneler 10 | 5 . . 5 . . . . . . . . Hauler 6 | . . 1 . 4 . 1 . . . . . Recycler 7 | 1 2 . . 2 . 1 . . . . 1 Mechanic 2 | . . . . 1 1 . . . . . . Watcher 3 | . . 1 . 1 . 1 . . . . . Swarmer 21 | . 4 2 6 6 3 . . . . . . Saboteur 1 | . . . . . . . . . . 1 . Grunt 31 | . . 9 . 7 3 2 . . . 6 4 Brawler 1 | . . . . . 1 . . . . . . Duelist 4 | . . . . 2 . . . . . 2 . Sentry 14 | . . 5 . 5 1 . . . 1 1 1 Specialist 2 | . . . . 2 . . . . . . . Hunter 3 | . . . . . . 3 . . . . . Programmer 3 | . . . . . . 3 . . . . . Behemoth 1 | . . . . . . 1 . . . . . Compactor 1 | . . . . . . . 1 . . . . Best Kill Streak 9 | 7 4 7 5 9 5 3 1 1 1 5 5 Combat Bots Only 6 | . 4 4 2 6 4 3 1 . 1 4 5 Max Kills in Single Turn 5 | 1 2 1 1 5 2 3 1 1 1 2 3 Gunslinging 1 | . 1 . . 1 . . . . . . . Exploded 3 | . . . . 2 2 2 . . . 2 3 Melee . | . . . . . . . . . . . . Uniques/NPCs Destroyed . | . . . . . . . . . . . . Combat | -11 -10 -9 -9 -8 -7 -6 -6 -6 -5 -4 -3 -------- Run | Yrd Mat Mat Min Mat Fac Fac Was Fac Fac Fac Res Hostile Shots Fired 727 | . 13 112 15 111 70 108 2 15 23 196 62 Missed 249 | . 5 40 4 48 30 32 1 6 8 51 24 Damage Taken 9396 | . 66 975 104 945 508 1822 58 127 410 3425 956 Core 1026 | . 22 137 33 90 81 186 . . . 326 151 Absorbed by Shields . | . . . . . . . . . . . . Reduced by Siege Mode 21 | . . . . . . . . . . 21 . Redirected to Shielding 64 | . . . . . 4 43 . . . . 17 Ignored by Resistances 216 | . . . . . . . . . 55 161 . Regen/Repaired (Parts) 417 | . . . . . . . 291 47 79 . . Core Remaining (%) 83 | 100 91 . 57 83 88 . . 78 100 71 . Volleys Fired 292 | 19 14 49 18 77 10 37 4 2 7 44 11 Largest 4 | 2 2 2 2 2 3 3 2 3 4 4 3 Hottest 181 | 60 100 100 46 111 139 120 65 121 161 181 169 Shots Fired 621 | 38 26 97 36 150 28 109 8 6 22 75 26 Gun 419 | 38 24 96 36 140 20 30 4 2 13 5 11 Cannon 169 | . . . . . . 79 4 4 9 69 4 Launcher 30 | . . . . 10 8 . . . . 1 11 Special 3 | . 2 1 . . . . . . . . . Kinetic 452 | 19 12 55 36 98 17 109 8 6 16 72 4 Thermal 131 | 19 14 42 . 42 3 . . . . . 11 Explosive 13 | . . . . . 1 . . . . 1 11 Electromagnetic 25 | . . . . 10 7 . . . 6 2 . Robot Hit Streak 17 | 7 6 17 10 9 4 10 4 5 5 10 12 Robot Miss Streak 6 | 3 1 4 3 6 4 3 1 . 4 2 2 Penetration Max 1 | . . . . 1 . . . 1 1 . . Secondary Targets 8 | . 1 5 . 2 . . . . . . . Max Gunslinging Chain 1 | . 1 1 . 1 . . . . . . . Shots Hit Robots 382 | 19 15 63 20 91 18 76 6 5 15 35 19 Core Hits 228 | 9 10 35 11 52 26 26 3 2 5 31 18 Critical Kills 5 | . . . . 3 1 . . . 1 . . Critical Parts Destroyed 5 | 1 . . 1 1 . . . 1 1 . . Critical Strikes 18 | 1 . 1 1 5 1 1 . 2 2 3 1 Burn 3 | . . 1 . 1 . . . . . . 1 Destroy 9 | 1 . . 1 4 1 . . 1 1 . . Blast 5 | . . . . . . 1 . 1 . 3 . Smash 1 | . . . . . . . . . 1 . . Melee Attacks 36 | . . . . 17 1 1 . . 12 . 5 Thermal 5 | . . . . . . . . . . . 5 Impact 31 | . . . . 17 1 1 . . 12 . . Slashing . | . . . . . . . . . . . . Piercing . | . . . . . . . . . . . . Sneak Attacks 5 | . . . . 2 . 1 . . 2 . . Combat Hostiles . | . . . . . . . . . . . . Follow-up Attacks . | . . . . . . . . . . . . Damage Inflicted 11566 | 241 177 892 301 2630 868 2949 138 234 473 1636 1027 Guns 4511 | 241 177 892 301 1609 249 523 62 38 200 45 174 Cannons 3582 | . . . . . . 1977 76 191 135 1177 26 Explosions 3077 | . . . . 855 619 369 . . . 407 827 Melee 384 | . . . . 166 . 80 . . 138 . . Ramming 12 | . . . . . . . . 5 . 7 . Kinetic 6847 | 153 99 578 301 1128 228 2500 138 229 267 1200 26 Thermal 1627 | 88 78 314 . 793 180 . . . . . 174 Explosive 1477 | . . . . . 18 369 . . . 263 827 Electromagnetic 1219 | . . . . 543 442 . . . 68 166 . Impact 384 | . . . . 166 . 80 . . 138 . . Slashing . | . . . . . . . . . . . . Piercing . | . . . . . . . . . . . . Highest Corruption 4 | . . 1 1 . . 4 4 4 . . . Average Corruption 3 | . . 1 1 . . 3 4 4 . . . Corruption Purged . | . . . . . . . . . . . . Corruption Blocked . | . . . . . . . . . . . . Effects 39 | . . . 5 . . 14 11 9 . . . Message Errors 17 | . . . 3 . . 6 5 3 . . . Matter Fused 8 | . . . 2 . . 2 2 2 . . . Heat Flow Errors 4 | . . . . . . 1 1 2 . . . Energy Discharges 3 | . . . . . . 2 . 1 . . . Data Loss (major) 6 | . . . . . . 2 3 1 . . . Alerts 1 | . . . . . . 1 . . . . . Overload Shots . | . . . . . . . . . . . . Overflow Damage 365 | . . . . 80 . 126 . 41 86 16 16 Projectiles 143 | . . . . . . 86 . 41 . 16 . Explosions 48 | . . . . 32 . . . . . . 16 Melee 174 | . . . . 48 . 40 . . 86 . . Knockbacks 26 | . . . . . . 8 . 2 . 16 . Impact 1 | . . . . . . 1 . . . . . Kinetic 22 | . . . . . . 6 . 2 . 14 . Secondary 3 | . . . . . . 1 . . . 2 . Self-Inflicted Damage 238 | . . . . 94 18 79 . . . 36 11 Shots 9 | . . . . 4 2 1 . . . 1 1 Rammed . | . . . . . . . . . . . . Targets Rammed 2 | . . . . . . . . 1 . 1 . Kicked 2 | . . . . . . . . 1 . 1 . Crushed . | . . . . . . . . . . . . Highest Temperature 352 | . 22 32 . 303 161 264 261 352 325 301 225 Average Temperature 81 | . 11 8 . 63 60 48 94 159 127 99 91 Received Heat Transfer 2252 | . . 372 . 360 168 496 . 12 99 582 163 Effects 5 | . . . . . . . . 1 3 . 1 Shutdowns 1 | . . . . . . . . . 1 . . Interference 4 | . . . . . . . . 1 2 . 1 Siege Activations 1 | . . . . . . . . . . 1 . Total Turns 10 | . . . . . . . . . . 10 . Longest Duration 10 | . . . . . . . . . . 10 . Robots Corrupted . | . . . . . . . . . . . . Combat Hostiles . | . . . . . . . . . . . . Parts Fried 4 | . . . . . 3 . . . 1 . . Impact Corruptions 4 | . . . . 1 . 2 . . 1 . . Robots Melted . | . . . . . . . . . . . . Combat Hostiles . | . . . . . . . . . . . . Parts Melted 2 | . . 1 . 1 . . . . . . . Heat Transferred 2964 | 200 175 820 . 1225 137 . . . . . 407 Parts Sabotaged 3 | . . . . . . . . . . 3 . Parts Stolen . | . . . . . . . . . . . . Parts Stripped . | . . . . . . . . . . . . Power Chain Reactions 7 | . . . . 4 3 . . . . . . Alert | -11 -10 -9 -9 -8 -7 -6 -6 -6 -5 -4 -3 ------- Run | Yrd Mat Mat Min Mat Fac Fac Was Fac Fac Fac Res Peak Influence 851 | 40 182 446 359 596 605 490 139 766 851 541 477 Initial 387 | . 26 76 74 61 202 207 130 . 351 387 225 Average 337 | 17 77 270 257 318 463 268 129 276 509 417 418 Maximum Alert Level 3 | . . 2 1 2 2 2 . 3 3 2 2 Low Security (%) 23 | 100 100 39 32 21 . 13 100 44 . . . Level 1 38 | . . 29 67 47 29 83 . 22 25 34 23 Level 2 32 | . . 31 . 31 70 2 . 17 57 65 76 Level 3 4 | . . . . . . . . 15 17 . . Level 4 . | . . . . . . . . . . . . Level 5 . | . . . . . . . . . . . . High Security . | . . . . . . . . . . . . Max Security . | . . . . . . . . . . . . Squads Dispatched 33 | . . 3 . 3 1 5 . 5 10 2 4 Investigation 1 | . . . . . . 1 . . . . . Extermination 6 | . . . . . . 3 . . 3 . . Reinforcement 11 | . . 3 . 2 . 1 . 3 1 . 1 Assault 6 | . . . . . 1 . . . 3 2 . Garrison 9 | . . . . 1 . . . 2 3 . 3 Intercept . | . . . . . . . . . . . . Searches Triggered . | . . . . . . . . . . . . Construction Impeded 1 | . . . . 1 . . . . . . . Haulers Reinforced 2 | . . . . . . 1 . . 1 . . Active Scanning Responses . | . . . . . . . . . . . . Cargo Convoy Interrupts . | . . . . . . . . . . . . Stealth | -11 -10 -9 -9 -8 -7 -6 -6 -6 -5 -4 -3 --------- Run | Yrd Mat Mat Min Mat Fac Fac Was Fac Fac Fac Res Distress Signals 3 | . . 2 . . . 1 . . . . . Communications Jammed 12 | . . . . 9 . . . . . 1 2 Distress Signals 12 | . . . . 9 . . . . . 1 2 Times Spotted 157 | . 6 25 11 30 15 13 6 6 20 14 11 Peak Tracking Total 7 | . 4 7 5 4 5 4 6 2 5 5 5 Tactical Retreats 11 | . . 3 4 2 2 . . . . . . Traps | -11 -10 -9 -9 -8 -7 -6 -6 -6 -5 -4 -3 ------- Run | Yrd Mat Mat Min Mat Fac Fac Was Fac Fac Fac Res Traps Triggered 4 | . . 1 . 1 . 2 . . . . . Indirectly 1 | . . . . 1 . . . . . . . Trap Hack Attempts . | . . . . . . . . . . . . Triggered . | . . . . . . . . . . . . Disarmed . | . . . . . . . . . . . . Reprogrammed . | . . . . . . . . . . . . Reused . | . . . . . . . . . . . . Traps Extracted . | . . . . . . . . . . . . Installed . | . . . . . . . . . . . . Triggered 1 | . . . . 1 . . . . . . . Machines | -11 -10 -9 -9 -8 -7 -6 -6 -6 -5 -4 -3 ---------- Run | Yrd Mat Mat Min Mat Fac Fac Was Fac Fac Fac Res Machines Disabled 22 | . . . . 2 1 13 . . 2 4 . Max in Single Turn 6 | . . . . 1 1 6 . . 1 2 . Garrison Access 4 | . . . . 1 1 . . . 1 1 . Machines Repaired . | . . . . . . . . . . . . Machines Dismantled . | . . . . . . . . . . . . Machines Sabotaged . | . . . . . . . . . . . . Overloaded Fab Kills . | . . . . . . . . . . . . Hacking | -11 -10 -9 -9 -8 -7 -6 -6 -6 -5 -4 -3 --------- Run | Yrd Mat Mat Min Mat Fac Fac Was Fac Fac Fac Res Machines Accessed 31 | . 5 2 1 8 5 2 . 2 6 . . Terminals 21 | . 5 2 . 7 4 . . 1 2 . . Fabricators 5 | . . . . . . 2 . 1 2 . . Repair Stations . | . . . . . . . . . . . . Recycling Units 1 | . . . . . . . . . 1 . . Scanalyzers . | . . . . . . . . . . . . Garrison Access 3 | . . . . 1 1 . . . 1 . . Total Hacks 49 | . 10 3 1 10 7 5 . 3 10 . . Successful 23 | . 7 3 1 5 1 1 . 2 3 . . Failed 26 | . 3 . . 5 6 4 . 1 7 . . Catastrophic 3 | . . . . 1 . 1 . . 1 . . Database Lockouts . | . . . . . . . . . . . . Manual 15 | . 4 1 . 7 2 . . . 1 . . Terminals 33 | . 10 3 . 9 5 . . 2 4 . . Fabricators 8 | . . . . . . 5 . 1 2 . . Repair Stations . | . . . . . . . . . . . . Recycling Units 2 | . . . . . . . . . 2 . . Scanalyzers . | . . . . . . . . . . . . Garrison Access 5 | . . . . 1 2 . . . 2 . . Terminal Hacks 15 | . 5 2 1 4 1 . . 1 1 . . Record 1 | . . . . . . . . 1 . . . Part Schematic 1 | . . . . 1 . . . . . . . Open Door 1 | . . . 1 . . . . . . . . Open DSF 2 | . . . . . 1 . . . 1 . . Terminal Index 1 | . 1 . . . . . . . . . . Alert Level 1 | . 1 . . . . . . . . . . Unreport Threat 2 | . . 1 . 1 . . . . . . . Locate Traps 1 | . 1 . . . . . . . . . . Recall Investigation 1 | . 1 . . . . . . . . . . Zone Layout 4 | . 1 1 . 2 . . . . . . . Fabricator Hacks 3 | . . . . . . 1 . 1 1 . . Network Status 3 | . . . . . . 1 . 1 1 . . Repair Station Hacks . | . . . . . . . . . . . . Recycling Unit Hacks 1 | . . . . . . . . . 1 . . Report Inventory 1 | . . . . . . . . . 1 . . Scanalyzer . | . . . . . . . . . . . . Garrison Access Hacks 1 | . . . . 1 . . . . . . . Seal Access 1 | . . . . 1 . . . . . . . Unauthorized Hacks 3 | . 2 1 . . . . . . . . . Terminals 3 | . 2 1 . . . . . . . . . Assimilate 1 | . 1 . . . . . . . . . . Botnet 1 | . 1 . . . . . . . . . . Disrupt 1 | . . 1 . . . . . . . . . Fabricators . | . . . . . . . . . . . . Repair Stations . | . . . . . . . . . . . . Recycling Units . | . . . . . . . . . . . . Scanalyzers . | . . . . . . . . . . . . Garrison Access . | . . . . . . . . . . . . Data Cores Recovered . | . . . . . . . . . . . . Used . | . . . . . . . . . . . . Hacking Detections 18 | . 3 . . 3 5 2 . 1 4 . . Full Trace Events 1 | . . . . . . 1 . . . . . Feedback Events . | . . . . . . . . . . . . Feedback Blocked . | . . . . . . . . . . . . Robot Schematics Acquired . | . . . . . . . . . . . . Robots Built . | . . . . . . . . . . . . Authchips . | . . . . . . . . . . . . Time . | . . . . . . . . . . . . Total Robot Build Rating . | . . . . . . . . . . . . Part Schematics Acquired 1 | . . . . 1 . . . . . . . Parts Built . | . . . . . . . . . . . . Authchips . | . . . . . . . . . . . . Time . | . . . . . . . . . . . . Total Part Build Rating . | . . . . . . . . . . . . Parts Repaired . | . . . . . . . . . . . . Time . | . . . . . . . . . . . . Parts Recycled . | . . . . . . . . . . . . Recycled Matter . | . . . . . . . . . . . . Retrieved Matter . | . . . . . . . . . . . . Retrieved Components . | . . . . . . . . . . . . Parts Scanalyzed . | . . . . . . . . . . . . Part Schematics Acquired . | . . . . . . . . . . . . Parts Damaged . | . . . . . . . . . . . . Bothacking | -11 -10 -9 -9 -8 -7 -6 -6 -6 -5 -4 -3 ------------ Run | Yrd Mat Mat Min Mat Fac Fac Was Fac Fac Fac Res Used RIF Installer . | . . . . . . . . . . . . Robots Hacked . | . . . . . . . . . . . . Non-combat . | . . . . . . . . . . . . Combat . | . . . . . . . . . . . . Robot Hacks Applied . | . . . . . . . . . . . . Relay Couplers Released 6 | . . . . 1 . . . . 3 2 . Machine Destruction 6 | . . . . 1 . . . . 3 2 . Fabnet Peak Effective % . | . . . . . . . . . . . . Robots Rewired . | . . . . . . . . . . . . Allies Hacked 3 | . . . . . . . . . 3 . . Hacks Repelled . | . . . . . . . . . . . . Allies | -11 -10 -9 -9 -8 -7 -6 -6 -6 -5 -4 -3 -------- Run | Yrd Mat Mat Min Mat Fac Fac Was Fac Fac Fac Res Total Allies 20 | . 1 . . . . . 19 . . . . Largest Group 18 | . 1 1 . . . . 18 18 13 . . Highest-Rated Group 656 | . 10 10 . . . . 656 656 507 . . Highest-Rated Ally 50 | . 10 10 . . . . 50 50 50 . . Total Orders . | . . . . . . . . . . . . Ally Attacks 324 | . . . . . . . 80 114 130 . . Total Damage 8810 | . . . . . . . 3252 2378 3180 . . Kills 45 | . . . . . . . 5 20 20 . . Allies Corrupted 2 | . . . . . . . . . 2 . . Allies Melted . | . . . . . . . . . . . . Intel | -11 -10 -9 -9 -8 -7 -6 -6 -6 -5 -4 -3 ------- Run | Yrd Mat Mat Min Mat Fac Fac Was Fac Fac Fac Res Robot Analysis Total . | . . . . . . . . . . . . Derelict Logs Recovered 2 | . . . 2 . . . . . . . . Drone Launches . | . . . . . . . . . . . . Drone Recoveries . | . . . . . . . . . . . . Exploration | -11 -10 -9 -9 -8 -7 -6 -6 -6 -5 -4 -3 ------------- Run | Yrd Mat Mat Min Mat Fac Fac Was Fac Fac Fac Res Turns Passed 7198 | 131 272 488 422 957 473 1176 410 482 1562 707 118 Spaces Moved 3032 | 44 161 174 233 445 279 488 188 185 586 216 33 Core . | . . . . . . . . . . . . Treads 231 | . . 22 149 26 1 . . . . 3 30 Legs 2336 | 44 161 137 . 222 112 488 188 185 586 213 . Wheels 462 | . . 15 84 197 166 . . . . . . Hover 3 | . . . . . . . . . . . 3 Flight . | . . . . . . . . . . . . Fastest Speed 120 | 120 120 120 120 120 123 140 140 250 250 140 160 Average Speed 189 | 120 120 160 149 132 143 200 209 250 250 241 178 Slowest Speed 360 | 120 120 190 160 240 320 250 250 250 250 360 360 Overloaded Moves . | . . . . . . . . . . . . Propulsion Burnouts . | . . . . . . . . . . . . Robots Hopped . | . . . . . . . . . . . . Cave-ins Triggered . | . . . . . . . . . . . . Exploration Rate (%) 27 | 4 31 31 60 54 8 13 87 11 22 7 3 Regions Visited 11 Branch Regions 1 Pre-discovered Areas . | . . . . . . . . . . . . Known Exits Taken 2 | . . . . . . . . . 1 1 . Unknown Exits Taken 7 | 1 1 1 1 1 1 . . 1 . . . Scrap Searched . | . . . . . . . . . . . . Spaces Dug 40 | . 2 1 . 14 . . . . 7 16 . Terrain Destroyed 222 | . 2 1 . 23 27 49 2 . 12 46 60 Melee 21 | . . . . 14 . . . . 7 . . Projectile 72 | . 2 1 . . . 22 2 . 5 37 3 AOE 129 | . . . . 9 27 27 . . . 9 57 Terrain Rammed . | . . . . . . . . . . . . Walls Destroyed . | . . . . . . . . . . . . Machines Disabled . | . . . . . . . . . . . . Actions | -11 -10 -9 -9 -8 -7 -6 -6 -6 -5 -4 -3 --------- Run | Yrd Mat Mat Min Mat Fac Fac Was Fac Fac Fac Res Total 3853 | 84 213 284 272 631 329 603 200 200 648 332 57 Wait 186 | 15 15 7 . 38 10 44 . 11 6 40 . Move 3022 | 43 160 173 232 444 278 488 187 184 585 215 33 Hop . | . . . . . . . . . . . . Pick Up 69 | 4 8 9 8 11 5 7 1 . 6 9 1 Fast Attach 51 | 1 . 9 . 4 6 9 1 1 10 8 2 Attach 33 | . . 7 . 2 5 2 2 . 2 11 2 Detach 7 | . . 1 . 2 1 . 1 . . . 2 Swap 70 | . 8 15 5 22 4 4 2 . 7 2 1 Drop 85 | 2 8 14 9 14 9 11 2 1 13 2 . Fire 292 | 19 14 49 18 77 10 37 4 2 7 44 11 Melee 36 | . . . . 17 1 1 . . 12 . 5 Ram . | . . . . . . . . . . . . Kick 2 | . . . . . . . . 1 . 1 . Crush . | . . . . . . . . . . . . Escape Stasis . | . . . . . . . . . . . . Rewire . | . . . . . . . . . . . . Trap . | . . . . . . . . . . . . Miscellaneous . | . . . . . . . . . . . . Route ------- -11/Scrapyard -10/Materials (discovered 2 exits: *Mat / [*Min]) -9/Materials (discovered 2 exits: *Min / [*Sto]) -9/Mines -8/Materials -7/Factory -6/Factory -6/Waste -6/Factory -5/Factory -4/Factory -3/Research History --------- Turn | Location | Event 5 | -11/Scrapyard | Discovered new exit (range 3) 132 | -11/Scrapyard | Entered Materials 219 | -10/Materials | Discovered new exit (range 15) 314 | -10/Materials | Build established: Mutant 372 | -10/Materials | Discovered new exit (range 3) 404 | -10/Materials | Entered another Materials area 404 | -9/Materials | Accompanied by 1 ally 404 | -9/Materials | Evolved 2 slots: Propulsion x1, Utility x1 448 | -9/Materials | Discovered new exit (range 10) 523 | -9/Materials | Lost 3 parts (1p1n1u) 590 | -9/Materials | Lost 3 parts (1p2u) 775 | -9/Materials | Build established: Scavenger-Mutant 883 | -9/Materials | Discovered new exit (range 6) 892 | -9/Materials | Entered Mines 897 | -9/Mines | Learned Materials terminal intel 1052 | -9/Mines | Found a damaged Exp. Sensor Array with a note attached 1056 | -9/Mines | Found Prototype Device 1060 | -9/Mines | Identified Exp. Sensor Array 1225 | -9/Mines | Learned Materials stockpile data 1249 | -9/Mines | Discovered new exit (range 9) 1256 | -9/Mines | Met a Derelict who couldn't figure out how to use a Trap Extractor 1314 | -9/Mines | Entered Materials 1314 | -8/Materials | Evolved 2 slots: Propulsion x1, Utility x1 1316 | -8/Materials | Loaded intel: 12 terminal locations 1890 | -8/Materials | Garrison activated, responded to threat 2263 | -8/Materials | Discovered new exit (range 8) 2271 | -8/Materials | Entered Factory 2271 | -7/Factory | Evolved 2 slots: Utility x1, Weapon x1 2440 | -7/Factory | Lost 3 parts (1n1u1w) 2714 | -7/Factory | Discovered new exit (range 11) 2744 | -7/Factory | Entered another Factory area 2744 | -6/Factory | Evolved 2 slots: Power x1, Utility x1 2921 | -6/Factory | Build established: Skirmisher 2984 | -6/Factory | Spotted B-75 Beast 3065 | -6/Factory | Destroyed B-75 Beast 3074 | -6/Factory | Lost 3 parts (2p1u) 3307 | -6/Factory | Build established: Tank 3920 | -6/Factory | Sucked down chute 3920 | -6/Factory | Entered Waste 3921 | -6/Waste | Met a frightened Derelict 3938 | -6/Waste | Spotted C-40 Crusher 3978 | -6/Waste | Spotted C-40 Crusher 3989 | -6/Waste | Spotted C-40 Crusher 3989 | -6/Waste | Crushed by Compactor (0 parts destroyed, 2 dropped) 3991 | -6/Waste | Spotted C-40 Crusher 4010 | -6/Waste | Spotted C-40 Crusher 4024 | -6/Waste | Spotted C-40 Crusher 4034 | -6/Waste | Warlord forces began an assault 4039 | -6/Waste | Allies destroyed C-40 Crusher 4042 | -6/Waste | Allies destroyed C-40 Crusher 4047 | -6/Waste | Allies destroyed C-40 Crusher 4049 | -6/Waste | Destroyed C-40 Crusher 4050 | -6/Waste | Allies destroyed C-40 Crusher 4052 | -6/Waste | Allies destroyed C-40 Crusher 4287 | -6/Waste | Discovered new exit (range 12) 4330 | -6/Waste | Entered Factory 4330 | -6/Factory | Accompanied by 18 allies 4408 | -6/Factory | Build established: Gunner 4632 | -6/Factory | Garrison activated, responded to threat 4729 | -6/Factory | Lost 4 allies 4756 | -6/Factory | Discovered new exit (range 15) 4812 | -6/Factory | Entered another Factory area 4812 | -5/Factory | Accompanied by 13 allies 4812 | -5/Factory | Evolved 2 slots: Utility x1, Weapon x1 5444 | -5/Factory | Lost 3 allies 5586 | -5/Factory | Build established: Tank 5712 | -5/Factory | First assault squad dispatched 6097 | -5/Factory | Garrison activated, responded to threat 6223 | -5/Factory | Lost 4 allies 6260 | -5/Factory | Discovered new exit (range 15) 6372 | -5/Factory | Identified exit to Factory 6374 | -5/Factory | Entered another Factory area 6374 | -4/Factory | Evolved 2 slots: Utility x2 6624 | -4/Factory | First assault squad dispatched 6762 | -4/Factory | Lost 8 parts (1p2n2u3w) 7066 | -4/Factory | Discovered new exit (range 6) 7078 | -4/Factory | Identified exit to Research 7081 | -4/Factory | Entered Research 7081 | -3/Research | Evolved 2 slots: Power x1, Propulsion x1 7199 | -3/Research | Self-destructed Last Messages --------------- 07142_ R-10 Processor distress signal jammed. 07142_ U-05 Engineer lays Concrete. 07143_ The unstable cave ceiling collapses. 07144_ U-05 Engineer lays Concrete. 07144_ R-10 Processor destroyed. 07145_ U-05 Engineer call for reinforcements jammed. 07145_ U-05 Engineer distress signal jammed. 07149_ Slug penetrates Wall. 07151_ The unstable cave ceiling collapses. 07153_ Penetrated by Slug. 07161_ Slug penetrates Wall. 07177_ M-28 Smith repairs Imp. Hover Unit. 07181_ >> Machine Analyzer network decryption results: 07181_ DSF Access x1 07181_ Terminal x1 07187_ Lgt. Antimatter Reactor lost to overload. 07187_ S-43 Plague Lgt. Antimatter Reactor blown off. 07187_ S-43 Plague Xenon Bombardment Thruster blown off. 07187_ S-43 Plague Hvy. Machine Gun blown off. 07192_ Terrain Scan Processor destroyed. Map ----- +----------------------------------------------------+ | ?????????????????????????????????????????????????? | | ?????????????????????????????????????????????????? | | ?????????????????????????????????????????????????? | | ?????????????????????????????????????????????????? | | ?????????????????????????????????????????????????? | | ?????????????????????????????????????????????????? | | ?????????????????????????????????????????????????? | | ?????????????????????????????????????????????????? | | ????????????????????????????????????T????????????? | | ???????????????????????????????????""????????????? | | ?????????????????????????????????????????????????? | | ?????????????????????????????????????????????????? | | ??????????????????????????????T??????????????????? | | ?????????????????????????????????????????????????? | | ?????????????????????????????????????????????????? | | ?????????????????????????????????????????????????? | | ???????????????????????????????????+?????????????? | | ????????????????????????????????? #?????????????? | | ???????????????????????????????? #?????????????? | | ????????????????########+###### #?????????????? | | ????????????????# #?????????????? | | ????????????????# #?????????????? | | ????????????????# t #?????????????? | | ?????????+##????# s #?????????????? | | ???????? ???# ###s###### #?????????????? | | ???????# ???# # =s@! #??????????????????? | | ???????# !?# # [ #??????????????????? | | ???????# ?# # #??????????????????? | | ???????# # # #??????????????????? | | ???????# # # "" #??????????????????? | | ???????# + # T" #??????????????????? | | ???????# # # "" #??????????????????? | | ???????# ?# # #??????????????????? | | ???????# # ### #! #??????????????????? | | ???????# # #######?##??????????????????? | | ???????# #???????????????????????????? | | ######## #???????????????????????????? | | #???????????????????????????? | | ! # #???????????????????????????? | | ?# ! #???????????????????????????? | | # ! #???????????????????????????? | | # ! #???????????????????????????? | | + #???????????????????????????? | | # #??????????????????????????? | | # = ??????????????????????????? | | ?# [ ??????????????????????????? | | ?# ?????????????????????????? | | ??# %* ????????????????????????? | | ??### " ] #????????????????????????? | | ######?????## "" ????????????????????????? | +----------------------------------------------------+ Best States ------------- Heat Dissipation 64 Energy Generation 35 Energy Capacity 885 Matter Stores 500 Matter Capacity 500 Sight Range 18 Robot Scan Range 20 Terrain Scan Range 16 Terrain Scan Density 85 ECM Strength 1 Jamming Range 16 Armor Coverage 225 Resistance: TH 25 Resistance: EM 25 Core Shielding 20 Power Shielding 66 Evasion (%) 55 Targeting Accuracy 8 Recoil Reduction 6 Energy Filtering 30 Particle Charging 15 Item Schematics ----------------- Arm. Wheel | -8/Materials | Hacked Robot Schematics ------------------ None Fabricated ------------ Nothing Alien Tech Used ----------------- None Achievements -------------- None Challenges ------------ None Game ------ Seed BlastSensorSabre Manual? 0 Play Time 01:38:11 Cumulative 151.2 hours Start 2024.08.20 @ 23:32:51 End 2024.08.21 @ 16:37:17 Sessions 3 Manual Loads 0 Difficulty Rogue Special Mode None Game No. 268 Rogue 264 Adventurer 0 Explorer 4 Win Type - Total 0 Types 0/0/0/0/0/0/0/0/0 Lore% 19 Gallery% 45 Achievement% 34 Wizard Run 0 Options --------- Layout 1 ASCII 0 Keyboard 1 Movement Arrows Keybinds 0 Fullscreen 1 Font 32/Proggy Map View 130x35 Zoom Use 0% Tactical HUD 1 Map Filters NONE Filters NONE Steam 0 RUN: 7cde42bb-e081-49d8-82b5-82c00a3d1b2a